 Dungeon Crawl Stone Soup version 0.28.0-53-g5a82cb258f (webtiles) character file.

Game seed: 11407741022679403196

423 mcbry74 the Vexing (level 6, 0/70 HPs)
             Began as a Gnoll Arcane Marksman on June 30, 2022.
             Slain by a troll (5 damage)
             ... on level 5 of the Dungeon.
             The game lasted 00:22:30 (7828 turns).

mcbry74 the Vexing (Gnoll Arcane Marksman)          Turns: 7828, Time: 00:22:31

Health: 0/70       AC: 23    Str:  9    XL:     6   Next: 95%
Magic:  11/11      EV:  2    Int: 15    God:
Gold:   161        SH:  0    Dex: 12    Spells: 6/12 levels left

rFire   . . .      SeeInvis .   h - +0 short sword
rCold   . . .      Faith    .   (no shield)
rNeg    . . .      Spirit   .   (armour currently unavailable)
rPois   +          Reflect  .   (helmet currently unavailable)
rElec   .          Harm     .   (cloak currently unavailable)
rCorr   .          Rampage  .   (gloves currently unavailable)
Will    .....      NoTele   +   (boots currently unavailable)
Stlth   ++........              (no amulet)
HPRegen 0.21/turn               (no ring)
MPRegen 0.12/turn               (no ring)

@: tree-form
A: stationary, stasis, torment immunity, boosted hp, (fangs 1), strong nose,
distributed training
a: no special abilities


You were on level 5 of the Dungeon.
You were a tree.
You visited 1 branch of the dungeon, and saw 5 of its levels.

You collected 161 gold pieces.

Inventory:

Hand Weapons
 a - a +0 shortbow
 b - a +0 spear
 h - a +0 short sword (weapon)
 j - a +0 dagger
Missiles
 c - 44 arrows
 i - 99 stones (quivered)
Armour
 d - a +0 robe
 k - a +0 leather armour (melded)
 u - a +0 cloak (melded)
 w - a +1 pair of boots (melded)
Jewellery
 r - an amulet of reflection
 s - an amulet of faith
 t - an amulet of regeneration
Scrolls
 e - a scroll of summoning {unknown}
 g - 2 scrolls of brand weapon {unknown}
 l - 2 scrolls of teleportation {unknown}
 n - a scroll of fog {unknown}
 p - a scroll of noise {unknown}
 q - 4 scrolls of identify {unknown}
 y - a scroll of enchant weapon {unknown}
Potions
 m - a potion of heal wounds {unknown}
 o - a potion of brilliance {unknown}
 v - a potion of haste


   Skills:
 + Level 3.4 Fighting
 + Level 2.2 Short Blades
 + Level 2.2 Long Blades
 + Level 2.2 Axes
 + Level 2.2 Maces & Flails
 + Level 2.2 Polearms
 + Level 2.2 Staves
 + Level 2.2 Slings
 + Level 5.1 Bows
 + Level 2.2 Crossbows
 + Level 2.2 Throwing
 + Level 2.2 Armour
 + Level 5.1 Dodging
 + Level 2.2 Stealth
 + Level 2.2 Shields
 + Level 2.2 Unarmed Combat
 + Level 3.6 Spellcasting
 + Level 1.7 Conjurations
 + Level 5.7 Hexes
 + Level 1.7 Summonings
 + Level 1.7 Necromancy
 + Level 1.7 Translocations
 + Level 1.7 Transmutations
 + Level 1.7 Fire Magic
 + Level 1.7 Ice Magic
 + Level 1.7 Air Magic
 + Level 1.7 Earth Magic
 + Level 1.7 Poison Magic
 + Level 2.4 Invocations
 + Level 2.2 Evocations


You had 6 spell levels left.
You knew the following spells:

 Your Spells              Type           Power      Damage    Failure   Level
a - Slow                  Hex            76%        N/A       1%          1
b - Blink                 Tloc           16%        N/A       14%         2
c - Portal Projectile     Hex/Tloc       26%        N/A       12%         3

Your spell library contained the following spells:

 Spells                   Type           Power      Damage    Failure   Level
 Beastly Appendage        Tmut           16%        N/A       9%          1
 Inner Flame              Hex/Fire       13%        N/A       12%         3
 Wereblood                Tmut           8%         N/A       14%         2
 Cause Fear               Hex            9%         N/A       19%         4
 Lesser Beckoning         Tloc           8%         N/A       26%         3
 Spider Form              Tmut/Pois      8%         N/A       26%         3
 Olgreb's Toxic Radiance  Pois           8%         N/A       65%         4
 Manifold Assault         Tloc           8%         N/A       94%         5
 Ozocubu's Refrigeration  Ice            4%         4d5       100%        7
 Ignition                 Fire           4%         3d4       100%        8


Dungeon Overview and Level Annotations

Branches:
Dungeon (5/15)
 Temple: D:4-7

Altars:
Cheibriados

Shops:
D:1 [   D:2 =

Annotations:
D:3 1 runed translucent door, Crazy Yiuf
D:4 2 transporters, Ashen's ghost, amateur OgWz


Innate Abilities, Weirdness & Mutations

You are a tree.
Your roots penetrate the ground, keeping you stationary.
You cannot be teleported.
You are immune to unholy pain and torment.
Your maximum health is greatly increased.
Your equipment is partially melded.
((You have very sharp teeth.))
Your uncanny sense of smell can sniff out nearby items.
Your experience applies equally to all skills.


Message History

The troll claws you but does no damage. x2
You hit the troll.
The troll is lightly wounded.
The troll bites you but does no damage. The troll claws you.
The troll claws you but does no damage.
You hit the troll. You punch the troll, but do no damage.
The troll is lightly wounded.
The troll bites you. The troll claws you but does no damage.
The troll claws you!
You hit the troll but do no damage.
The troll is lightly wounded.
The troll bites you but does no damage. The troll claws you but does no damage.
The troll completely misses you.
You hit the troll.
The troll is moderately wounded.
The troll bites you!
The troll claws you but does no damage. x2
You hit the troll but do no damage.
The troll is lightly wounded.
The troll bites you!
* * * LOW HITPOINT WARNING * * *
The troll claws you but does no damage. The troll claws you!
* * * LOW HITPOINT WARNING * * *
You hit the troll.
The troll is moderately wounded.
The troll looks more healthy.
The troll bites you but does no damage. The troll claws you!
* * * LOW HITPOINT WARNING * * *
The troll claws you but does no damage.
You closely miss the troll.
The troll is moderately wounded.
The troll bites you but does no damage.
The troll claws you but does no damage. x2
You barely miss the troll.
The troll is lightly wounded.
The troll bites you.
* * * LOW HITPOINT WARNING * * *
The troll claws you but does no damage. x2
You barely miss the troll.
The troll is lightly wounded.
The troll bites you.
You die...

.# #.####.##.#§########.#
#.# #.##(#(# #.# .#
#.####.#....## #.# ...
#........(...# #.#
.#..###..###.#....[# #.#
.............##.#..# #.#
.#..##....#####.#..#######.#
.. #.....................#
#.....♣T(....(#######.#
#.#..####...#.# #.# #
#.#..#####.##.### #.# #.
#.#.............# #.# ∆
#.#....#####.##.#.#####.# ∆
#..............#.##....#
##..........####.##.##.#
#.##......... #.##.##.#
#.#.###)#####..# #.......#


You could see a troll.

Vanquished Creatures
  An ogre (D:4)
  A phantom (D:5)
  A bullfrog skeleton (D:4)
  An orc wizard (D:3)
  10 adders
  A worm (D:3)
  5 dart slugs
  8 orcs
  6 endoplasms
  5 giant cockroaches
  5 goblins
  16 hobgoblins
  2 jackals (D:4)
  5 kobolds
  2 quokkas
  14 ball pythons
  8 bats
  2 frilled lizards
  6 rats
99 creatures vanquished.

Notes
Turn   | Place    | Note
-------+----------+-------------------------------------------
     0 | D:1      | mcbry74 the Gnoll Arcane Marksman began the quest for the
                  | Orb.
     0 | D:1      | Reached XP level 1. HP: 17/17 MP: 4/4
   157 | D:1      | Found Zetefe's Antique Armour Emporium.
   487 | D:1      | Reached XP level 2. HP: 23/23 MP: 5/5
  1200 | D:1      | Found a faded altar of an unknown god.
  1477 | D:1      | Reached XP level 3. HP: 28/28 MP: 5/7
  2359 | D:2      | Reached skill level 1 in Invocations
  2610 | D:2      | Reached skill level 1 in Short Blades
  2610 | D:2      | Reached skill level 1 in Long Blades
  2610 | D:2      | Reached skill level 1 in Axes
  2610 | D:2      | Reached skill level 1 in Maces & Flails
  2610 | D:2      | Reached skill level 1 in Polearms
  2610 | D:2      | Reached skill level 1 in Staves
  2610 | D:2      | Reached skill level 1 in Slings
  2610 | D:2      | Reached skill level 1 in Crossbows
  2610 | D:2      | Reached skill level 1 in Throwing
  2610 | D:2      | Reached skill level 1 in Armour
  2610 | D:2      | Reached skill level 1 in Stealth
  2610 | D:2      | Reached skill level 1 in Shields
  2610 | D:2      | Reached skill level 1 in Unarmed Combat
  2610 | D:2      | Reached skill level 1 in Evocations
  2633 | D:2      | Reached XP level 4. HP: 18/34 MP: 8/8
  2834 | D:2      | Found a snail-covered altar of Cheibriados.
  3190 | D:2      | Reached skill level 1 in Conjurations
  3190 | D:2      | Reached skill level 1 in Summonings
  3190 | D:2      | Reached skill level 1 in Necromancy
  3190 | D:2      | Reached skill level 1 in Translocations
  3190 | D:2      | Reached skill level 1 in Transmutations
  3190 | D:2      | Reached skill level 1 in Fire Magic
  3190 | D:2      | Reached skill level 1 in Ice Magic
  3190 | D:2      | Reached skill level 1 in Air Magic
  3190 | D:2      | Reached skill level 1 in Earth Magic
  3190 | D:2      | Reached skill level 1 in Poison Magic
  3726 | D:2      | Found Roqoon's One-of-a-Kind Rings.
  4052 | D:3      | Reached XP level 5. HP: 24/40 MP: 9/9
  5443 | D:3      | Found a runed translucent door.
  5444 | D:3      | Noticed Crazy Yiuf
  6122 | D:4      | Noticed an ogre
  6157 | D:4      | Killed an ogre
  6158 | D:4      | Reached XP level 6. HP: 23/47 MP: 9/11
  6356 | D:4      | Reached skill level 5 in Bows
  6356 | D:4      | Reached skill level 5 in Dodging
  6649 | D:4      | Learned a level 2 spell: Blink
  6653 | D:4      | Learned a level 3 spell: Portal Projectile
  6962 | D:4      | Noticed Ashen's ghost (amateur OgWz)
  6978 | D:4      | Found a transporter.
  6978 | D:4      | Found a transporter.
  7382 | D:5      | Entered Level 5 of the Dungeon
  7499 | D:5      | Noticed a troll
  7828 | D:5      | Slain by a troll

Illustrated notes

Levels and vault maps discovered:
D:1:      wander_arrival_lonely_grave, layout_loops_corners,
          chequers_ecumenical_altar_island, serial_shops, shop, serial_glass,
          glass_columns_b, glass_columns_b, item_on_display_a,
          minmay_strange_pillars, item_on_display_b, minivault_19,
          hangedman_decor_push, chequers_serial_rivers_room_b, grunt_decor_cap,
          due_unseen_surprise
D:2:      layout_basic, basic_altar, grunt_ministairs_2,
          nicolae_shop_unique_rings, grunt_decor_one_mirror
D:3:      layout_basic, uniq_crazy_yiuf_cottage
D:4:      layout_loops_ring, gammafunk_ghost_arena,
          chequers_serial_rivers_micro_d, minivault_1
D:5:      nicolae_BIG_FREAKIN_CUBE, layout_loops_ring,
          minmay_misc_feat_secret_circle

Skill      XL: |  1  2  3  4  5  6 |
---------------+-------------------+-----
Invocations    | 1 2 |  2.4
Short Blades   | 1 2 |  2.2
Long Blades    | 1 2 |  2.2
Axes           | 1 2 |  2.2
Maces & Flails | 1 2 |  2.2
Polearms       | 1 2 |  2.2
Staves         | 1 2 |  2.2
Slings         | 1 2 |  2.2
Crossbows      | 1 2 |  2.2
Throwing       | 1 2 |  2.2
Armour         | 1 2 |  2.2
Stealth        | 1 2 |  2.2
Shields        | 1 2 |  2.2
Unarmed Combat | 1 2 |  2.2
Evocations     | 1 2 |  2.2
Spellcasting   | 3 |  3.6
Conjurations   | 1 |  1.7
Summonings     | 1 |  1.7
Necromancy     | 1 |  1.7
Translocations | 1 |  1.7
Transmutations | 1 |  1.7
Fire Magic     | 1 |  1.7
Ice Magic      | 1 |  1.7
Air Magic      | 1 |  1.7
Earth Magic    | 1 |  1.7
Poison Magic   | 1 |  1.7
Fighting       | 3 |  3.4
Bows           | 5 |  5.1
Dodging        | 5 |  5.1
Hexes          | |  5.7

Action                   |  1- 3 |  4- 6 || total
-------------------------+-------+-------++-------
Melee: Short sword       |   185 |   125 ||   310
       Bite              |    24 |    40 ||    64
       Punch             |     3 |     9 ||    12
       Spear             |       |   173 ||   173
       Dagger            |       |   163 ||   163
       Shortbow          |       |     4 ||     4
 Fire: Shortbow          |    12 |    51 ||    63
Throw: Stone             |    25 |    18 ||    43
       Dart              |       |     5 ||     5
 Cast: Slow              |    24 |    27 ||    51
  Use: Potion            |       |     2 ||     2
 Stab: Sleeping          |       |     5 ||     5
Armor: Robe              |    26 |       ||    26
       Leather armour    |    26 |    78 ||   104
       Skin              |       |    33 ||    33
Dodge: Dodged            |   140 |   242 ||   382
